Map: Catalyst LE

Players

MrBangoJango

  • Race: Protoss Protoss
  • League: Gold
  • Spawn Location: 5:00

Test - Winner!

  • Race: Terran Terran
  • League: Silver
  • Spawn Location: 11:00

VOD

Have the link to the VOD?

Description

Time

  • Played on: May 15, 2018, 4:48 p.m.
  • Length: 11:19
Show
View Real Time Build Order
Export as new Build Order

MrBangoJango Protoss 

Build Orders:  

Get SALT Encoding   

  1  0:00  Probe  
  12  0:05  Probe  
  14  0:15  Probe  
  15  0:32  Pylon  
  15  0:50  Probe  
  16  1:02  Probe  
  16  1:03  Gateway  
  17  1:07  Gateway  
  17  1:11  Gateway  
  17  1:14  Probe  
  18  1:28  Gateway  
  18  1:32  Pylon  
  18  1:50  Zealot  
  20  1:55  Zealot  
  22  2:02  Zealot  
  24  2:16  Zealot  
  24  2:18  Zealot  
  24  2:22  Zealot  
  30  2:29  Pylon  
  30  2:32  Pylon  
  30  2:47  Zealot  
  32  2:53  Cybernetics Core  
  30  3:07  Zealot x3  
  34  3:14  Zealot  
  28  3:48  Probe  
  28  3:50  Nexus  
  27  3:56  Probe  
  28  4:03  Forge  
  28  4:06  Probe  
  23  4:15  Probe  
  21  4:18  Assimilator  
  21  4:21  Assimilator  
  21  4:23  Probe  
  22  4:31  Assimilator  
  23  4:32  Probe  
  23  4:35  Assimilator  
  24  4:44  Probe  
  25  4:49  Photon Cannon  
  25  4:52  Photon Cannon  
  25  4:57  Probe  
  26  5:00  Shield Battery  
  26  5:03  Shield Battery  
  26  5:11  Photon Cannon  
  26  5:20  Shield Battery  
  26  5:21  Pylon  
  26  5:26  Pylon  
  26  5:35  Photon Cannon  
  26  6:17  Robotics Facility  
  26  6:21  Pylon  
  26  6:45  Robotics Facility  
  26  6:48  Robotics Facility  
  26  6:53  Robotics Facility, Probe  
  26  7:23  Robotics Bay  
  26  7:26  Probe  
  26  7:28  Forge  
  26  7:35  Probe  
  26  7:36  Immortal  
  27  7:40  Immortal  
  36  7:51  Probe  
  37  8:00  Probe  
  38  8:09  Probe  
  7  8:36  Nexus  
  7  8:42  Probe  
  8  8:54  Probe  
  8  8:55  Robotics Bay  
Show
View Real Time Build Order
Export as new Build Order

Test Terran - Winner!

Build Orders: MMM Bio 

Get SALT Encoding   

  12  0:01  SCV  
  13  0:13  SCV  
  14  0:22  Supply Depot  
  14  0:25  SCV  
  15  0:29  Refinery  
  15  0:44  SCV  
  15  0:46  Barracks  
  16  0:56  SCV  
  17  1:07  Barracks  
  17  1:08  SCV  
  18  1:20  SCV  
  19  1:34  Marine  
  19  1:37  Barracks  
  20  1:45  Orbital Command  
  20  1:52  Marine  
  21  1:56  Supply Depot  
  21  2:00  Barracks Reactor  
  21  2:09  Marine  
  21  2:14  Engineering Bay  
  22  2:24  Barracks Reactor  
  22  2:35  Barracks Tech Lab  
  22  2:36  Marine x2  
  24  2:47  Supply Depot  
  24  2:50  SCV  
  24  3:00  Marine x2  
  24  3:01  Marine  
  27  3:09  Marine x2  
  28  3:18  Marine x3  
  31  3:27  Marine x2  
  31  3:36  Marine x3  
  31  3:37  Stimpack  
  34  3:45  Marine x2  
  36  3:54  Marine x3  
  38  4:03  Marine  
  38  4:07  Marine  
  39  4:15  Marine x3  
  42  4:20  Marine  
  43  4:25  Marine  
  43  4:26  Supply Depot  
  44  4:33  Marine x3  
  47  4:47  Marine x2  
  47  4:51  Marine x3  
  52  5:05  Marine x2  
  54  5:09  Marine, Factory  
  55  5:33  Supply Depot  
  55  5:34  Supply Depot x2  
  55  5:54  Marine x5  
  42  6:11  Marine  
  42  6:12  Marine x4  
  47  6:29  Marine  
  47  6:30  Marine x4  
  52  6:39  Factory Tech Lab  
  52  6:47  Marine  
  52  6:48  Marine x4  
  57  6:57  Missile Turret  
  57  7:05  Marine  
  57  7:06  Marine x4  
  62  7:23  Marine x5  
  67  7:32  Combat Shields  
  67  7:40  Marine  
  67  7:41  Marine x4  
  72  7:58  Marine  
  72  7:59  Marine x4  
  77  8:08  Supply Depot  
  77  8:16  Marine  
  77  8:17  Marine  
  79  8:21  Marine  
  79  8:22  Marine  
  79  8:24  Marine  
  79  8:33  Supply Depot  
  79  8:34  Marine  
  79  8:35  Marine  
  79  8:39  Marine  
  79  8:40  Marine  
  83  8:42  Marine  
  84  8:52  Marine x2  
  86  8:57  Marine x2  
  86  9:00  Marauder  
  90  9:04  Terran Infantry Weapons Level 1  
  90  9:09  Marine  
  91  9:21  Marauder  
  91  9:23  Marine x2  
  95  9:36  Supply Depot  
  95  9:57  Marine x2  
  97  10:02  Marine  
  97  10:03  Marine x2  
  100  10:15  Marine x2  
  100  10:20  Marine  
  103  11:05  Supply Depot  
  103  11:18  Refinery  
Tags
 
Composition
MMM Bio
Matchup
PvT
Spawn Locations
Cross Positions
Add a new tag
Caveats
  • Supply blocks, unpowered buildings, or Contaminate may cause inaccurate times.
  • Supply counts are checked every 10 seconds.